 Dungeon Crawl Stone Soup version 0.31-a0-240-gb923e448b6 (webtiles) character file.

Game seed: 7586044608529507566

4 qw the Shooter (level 1, -1/16 HPs)
             Began as a Minotaur Hexslinger on July 11, 2023.
             Shot with a sling bullet by a goblin (6 damage)
             ... on level 2 of the Dungeon.
             The game lasted 00:00:02 (171 turns).

qw the Shooter (Minotaur Hexslinger)                 Turns: 171, Time: 00:00:03

Health: -1/16      AC:  2    Str: 12    XL:     1   Next: 50%
Magic:  1/1        EV: 12    Int: 10    God:
Gold:   16         SH:  0    Dex: 12    Spells: 1/2 levels left

rFire   . . .        a - +1 sling
rCold   . . .        (no shield)
rNeg    . . .        c - +0 robe
rPois   .            (helmet restricted)
rElec   .            (no cloak)
rCorr   .            (no gloves)
SInv    .            (no boots)
Will    .....        (no amulet)
Stlth   +            (no ring)
HPRegen 0.22/turn    (no ring)
MPRegen 0.07/turn

%: no passive effects
@: no status effects
A: horns 2, retaliatory headbutt
a: no special abilities


You were on level 2 of the Dungeon.
You visited 1 branch of the dungeon, and saw 2 of its levels.

You collected 16 gold pieces.


Innate Abilities, Weirdness & Mutations

You have a pair of horns on your head.
You reflexively headbutt those who attack you in melee.


   Skills:
 - Level 1.2 Fighting
 + Level 2.6 Ranged Weapons
 - Level 2.1 Dodging
 - Level 1.0 Spellcasting
 - Level 2.0 Hexes


You had one spell level left.
You knew the following spells:

 Your Spells              Type           Power      Damage    Failure   Level
a - Slow                  Hex            16%        N/A       16%         1

Your spell library contained the following spells:

 Spells                   Type           Power      Damage    Failure   Level
 Inner Flame              Hex/Fire       2%         N/A       56%         3
 Portal Projectile        Hex/Tloc       4%         N/A       56%         3
 Cause Fear               Hex            2%         N/A       83%         4

Inventory:

Hand Weapons
 a - a +1 sling (weapon)
Armour
 c - a +0 robe (worn)
Scrolls
 b - a scroll of poison

Dungeon Overview and Level Annotations

Branches:
Dungeon (1/15)

Altars:


Message History

The sling bullet closely misses the giant cockroach.
The giant cockroach bites you but does no damage.
The goblin shoots a sling bullet.
The sling bullet barely misses you.
The giant cockroach bites you but does no damage.
You shoot a sling bullet.
The sling bullet barely misses the giant cockroach.
The goblin shoots a sling bullet.
The sling bullet hits you but does no damage.
The giant cockroach closely misses you.
You shoot a sling bullet.
The sling bullet closely misses the giant cockroach.
The giant cockroach bites you but does no damage.
The goblin shoots a sling bullet.
The sling bullet hits you. The giant cockroach closely misses you.
The goblin shoots a sling bullet.
The sling bullet closely misses you.
You shoot a sling bullet.
The sling bullet hits the giant cockroach.
You kill the giant cockroach!
The goblin shoots a sling bullet.
The sling bullet hits you.
You shoot a sling bullet.
The sling bullet closely misses the goblin.
You shoot a sling bullet.
The sling bullet barely misses the goblin.
A kobold comes into view. It is wielding a +0 dagger.
The goblin shoots a sling bullet.
The sling bullet barely misses you.
You shoot a sling bullet.
The sling bullet barely misses the goblin.
The kobold throws a stone.
The stone barely misses you.
The goblin shoots a sling bullet.
The sling bullet misses you.
The goblin shoots a sling bullet.
The sling bullet misses you.
You shoot a sling bullet.
The sling bullet barely misses the goblin.
The goblin shoots a sling bullet.
The sling bullet hits you but does no damage.
You shoot a sling bullet.
The sling bullet closely misses the goblin.
You shoot a sling bullet.
The sling bullet closely misses the goblin.
The goblin shoots a sling bullet.
The sling bullet hits you.
You die...

### #.#########
#.........#
#.#######.# #.#
#.# #.# #.# #####
#.# #####.#......
#.# #....@..?.$..
#.#......%.......
....#............
....g.K........
..#............
#..............
###..........[.
#.......###.#


You could see a goblin and a kobold.

Vanquished Creatures
  A giant cockroach (D:2)
  A hobgoblin (D:2)
  A quokka (D:1)
3 creatures vanquished.

Notes
Turn   | Place    | Note
-------+----------+-------------------------------------------
     0 | D:1      | qw the Minotaur Hexslinger began the quest for the Orb.
     0 | D:1      | Reached XP level 1. HP: 16/16 MP: 1/1
     0 | D:1      | 0 ||| qw: Version: 0.3-a-52-g30416fa
     0 | D:1      | 0 ||| qw: Game counter: 5975
     0 | D:1      | 0 ||| qw: Melee chars always use a shield: true
     0 | D:1      | 0 ||| qw: God list: Okawaru
     0 | D:1      | 0 ||| qw: Allow faded altars: false
     0 | D:1      | 0 ||| qw: Do Orc after clearing Dungeon:15 true
     0 | D:1      | 0 ||| qw: Do second Lair branch before Depths: true
     0 | D:1      | 0 ||| qw: Lair rune preference: random
     0 | D:1      | 0 ||| qw: Goals: Normal
     0 | D:1      | 0 ||| PLANNING D:1-11
   139 | D:1      | You fall into a shaft and drop 1 floor!
   165 | D:2      | HP: 4/16 [goblin/sling bullet (3)]
   171 | D:2      | Shot with a sling bullet by a goblin

Levels and vault maps discovered:
D:1:      dpeg_arrival_tiny_g, layout_loops_cross, serial_shops,
          nicolae_shop_statue_plus, ebering_ecumenical_altar_abandoned,
          patterned_corridor
D:2:      layout_basic, uniq_robin

Action                     || total
---------------------------++-------
   Fire: Sling             ||    19
 Armour: Robe              ||     5
  Dodge: Dodged            ||    19

Table legend:
 A = Non-vault XP
 B = Vault XP
 C = Vault XP percentage of total XP
 D = Non-vault monster count
 E = Vault monster count
 F = Vault count percentage of total count
                 A         B        C        D         E       F
            +---------+---------+-------+---------+---------+-------
      Total |       6 |       0 |   0.0 |       3 |       0 |   0.0
            +---------+---------+-------+---------+---------+-------
        D:1 |       2 |       0 |   0.0 |       1 |       0 |   0.0
        D:2 |       4 |       0 |   0.0 |       2 |       0 |   0.0
            +---------+---------+-------+---------+---------+-------
